 Dungeon Crawl Stone Soup version 0.29.1-15-g9cfb28693d (webtiles) character file.

Game seed: 13918502719370169785

1314 protoss039 the Covered (level 8, -3/60 HPs)
             Began as a Demonspawn Earth Elementalist on Mar 12, 2023.
             Slain by a yak (8 damage)
             ... on level 4 of the Dungeon.
             The game lasted 00:08:03 (4605 turns).

protoss039 the Covered (DsEE)                       Turns: 4605, Time: 00:08:04

Health: -3/60      AC:  9    Str:  8    XL:     8   Next: 32%
Magic:  11/14      EV: 12    Int: 20    God:
Gold:   212        SH:  0    Dex: 13    Spells: 9/15 levels left

rFire   . . .      SeeInvis .   w - +2 dagger (elec)
rCold   + . .      Faith    .   (no shield)
rNeg    . . .      Spirit   .   j - +2 leather armour {rC+}
rPois   .          Reflect  .   x - +0 helmet
rElec   .          Harm     .   e - +0 cloak
rCorr   .          Rampage  .   (no gloves)
Will    .....                   y - +0 pair of boots
Stlth   ++........              (no amulet)
HPRegen 0.20/turn               s - ring of flight
MPRegen 0.28/turn               (no ring)

@: flying, very slightly contaminated
A: powered by death 1, magic regeneration, sturdy frame 1, demonic touch 2
a: no special abilities


You were on level 4 of the Dungeon.
You visited 1 branch of the dungeon, and saw 5 of its levels.

You collected 212 gold pieces.

Inventory:

Hand Weapons
 d - a +1 dire flail of draining
 g - a +2 dagger of freezing
 k - a +2 long sword of protection
 w - a +2 dagger of electrocution (weapon)
Missiles
 u - a throwing net
Armour
 e - a +0 cloak (worn)
 j - a +2 leather armour of cold resistance (worn)
 x - a +0 helmet (worn)
 y - a +0 pair of boots (worn)
Jewellery
 s - a ring of flight (left hand)
Wands
 a - a wand of light (3)
 o - a wand of digging (4)
 z - a wand of roots (13)
Scrolls
 c - a scroll of poison
 f - a scroll of enchant weapon
 h - a scroll of identify
 i - 3 scrolls of teleportation
 l - a scroll of torment
 r - a scroll of fog
 v - 2 scrolls of enchant armour
Potions
 m - a potion of lignification
 n - a potion of mutation {unknown}
 p - a potion of invisibility {unknown}
 q - a potion of flight {unknown}


   Skills:
 + Level 4.1 Fighting
 * Level 4.8 Armour
 - Level 1.7 Dodging
 - Level 1.7 Stealth
 + Level 4.4 Spellcasting
 + Level 3.5 Conjurations
 - Level 0.8 Transmutations
 + Level 4.8 Earth Magic


You had 9 spell levels left.
You knew the following spells:

 Your Spells              Type           Power      Damage    Failure   Level
a - Sandblast             Erth           46%        2d11      1%          1
b - Passwall              Tmut/Erth      12%        N/A       6%          2
c - Stone Arrow           Conj/Erth      42%        3d9       7%          3

Your spell library contained the following spells:

 Spells                   Type           Power      Damage    Failure   Level
 Sting                    Tmut/Pois      24%        1d4       11%         1
 Poisonous Vapours        Pois/Air       8%         N/A       21%         2
 Petrify                  Tmut/Erth      15%        N/A       38%         4
 Olgreb's Toxic Radiance  Pois           4%         N/A       78%         4


Dungeon Overview and Level Annotations

Branches:
Dungeon (5/15) Zot: 25284
 Temple: D:4-7

Altars:
Xom

Shops:
D:3 *


Innate Abilities, Weirdness & Mutations

You regenerate a little health from kills.
You regenerate magic rapidly.
Your movements are slightly less encumbered by armour. (ER -2)
Your touch may inflict irresistible damage on your foes.


Message History

Confirm with . or Enter, or press ? or * to list all spells.
Aiming: Sandblast (safe; 1% risk of failure)
Press: ? - help, Shift-Dir - straight line, f/p - yak
Aim: a yak (heavily wounded, 90% to hit)
You miscast Sandblast.
Nothing appears to happen.
The yak closely misses you.
Unknown command.
Casting: Sandblast (safe; 1% risk of failure)
Confirm with . or Enter, or press ? or * to list all spells.
Aiming: Sandblast (safe; 1% risk of failure)
Press: ? - help, Shift-Dir - straight line, f/p - yak
Aim: a yak (heavily wounded, 90% to hit)
The blast of sand hits the yak!
The yak is severely wounded.
The yak gores you.
* * * LOW HITPOINT WARNING * * *
The yak closely misses you.
Casting: Sandblast (safe; 1% risk of failure)
Confirm with . or Enter, or press ? or * to list all spells.
Aiming: Sandblast (safe; 1% risk of failure)
Press: ? - help, Shift-Dir - straight line, f/p - yak
Aim: a yak (severely wounded, 90% to hit)
The blast of sand hits the yak!
The yak is almost dead.
The yak gores you!
* * * LOW HITPOINT WARNING * * *
Casting: Sandblast (safe; 1% risk of failure)
Confirm with . or Enter, or press ? or * to list all spells.
You don't have enough magic to cast this spell.
Unknown command.
You feel much better. The yak gores you!
* * * LOW HITPOINT WARNING * * *
Magic courses through your body. The yak gores you.
* * * LOW HITPOINT WARNING * * *
Casting: Sandblast (safe; 1% risk of failure)
Confirm with . or Enter, or press ? or * to list all spells.
Aiming: Stone Arrow (dangerous; 7% risk of failure)
Press: ? - help, Shift-Dir - straight line, f/p - yak
Aim: a yak (almost dead, 83% to hit)
The stone arrow misses the yak.
The yak gores you!
You die...

###########
#.........########
#.................
#.....)...........
#.................
#.........##...###
#@........'....'..
#.Y.......##(..###
#.........##....#
#.........##....#
######....#######....##
#.......#.......+....'.
#.......#########....##
#.......# #....#
######.######## #....#


You could see a yak.

Vanquished Creatures
  Pikel (D:4)
  Sigmund (D:3)
  A yak (D:5)
  Edmund (D:4)
  A lemure (D:4)
  A necrophage (D:5)
  A jelly (D:4)
  Jessica (D:3)
  Natasha (thrice) (D:4)
  Ijyb (D:5)
  An iguana (D:4)
  Robin (D:3)
  4 gnolls (D:3)
  8 adders
  8 orcs
  4 ball pythons
  4 bats
  9 endoplasms
  4 giant cockroaches
  8 hobgoblins
  8 jackals
  5 quokkas
  3 frilled lizards
  11 goblins
  7 kobolds
  3 rats
100 creatures vanquished.

Vanquished Creatures (others)
  A bush (D:3)
  2 plants (D:2)
3 creatures vanquished.

Grand Total: 103 creatures vanquished

Notes
Turn   | Place    | Note
-------+----------+-------------------------------------------
     0 | D:1      | protoss039 the Demonspawn Earth Elementalist began the
                  | quest for the Orb.
     0 | D:1      | Reached XP level 1. HP: 13/13 MP: 3/3
    24 | D:1      | You fall into a shaft and drop 1 floor!
    29 | D:2      | Gained mutation: Your movements are slightly less
                  | encumbered by armour. (ER -2) [demonic ancestry]
    29 | D:2      | Reached XP level 2. HP: 20/20 MP: 1/5
   197 | D:2      | Reached skill level 1 in Fighting
   609 | D:2      | Gained mutation: Your touch may inflict minor irresistible
                  | damage on your foes. [demonic ancestry]
   609 | D:2      | Reached XP level 3. HP: 25/26 MP: 1/6
  1435 | D:1      | Reached XP level 4. HP: 33/33 MP: 8/8
  1730 | D:1      | Learned a level 2 spell: Passwall
  1734 | D:1      | Learned a level 3 spell: Stone Arrow
  1864 | D:3      | Noticed Sigmund
  1873 | D:3      | Killed Sigmund
  1874 | D:3      | Reached skill level 1 in Armour
  1874 | D:3      | Reached skill level 1 in Conjurations
  1874 | D:3      | Gained mutation: You regenerate magic rapidly. [demonic
                  | ancestry]
  1874 | D:3      | Reached XP level 5. HP: 27/39 MP: 9/9
  2005 | D:3      | Found Lupoalos's General Store.
  2019 | D:3      | Noticed Jessica
  2025 | D:3      | Killed Jessica
  2099 | D:3      | Reached XP level 6. HP: 45/46 MP: 10/10
  2333 | D:3      | Found a shimmering altar of Xom.
  2342 | D:3      | Noticed Robin
  2469 | D:3      | Killed Robin
  2800 | D:3      | Found a faded altar of an unknown god.
  3144 | D:4      | Noticed Natasha
  3153 | D:4      | Killed Natasha
  3392 | D:4      | Noticed Natasha
  3401 | D:4      | Killed Natasha
  3423 | D:4      | Noticed Natasha
  3438 | D:4      | Killed Natasha
  3442 | D:4      | Noticed Edmund
  3719 | D:4      | Killed Edmund
  3720 | D:4      | Gained mutation: You regenerate a little health from kills.
                  | [demonic ancestry]
  3720 | D:4      | Reached XP level 7. HP: 25/52 MP: 5/12
  3937 | D:4      | Noticed Pikel
  3959 | D:4      | Killed Pikel
  3960 | D:4      | Gained mutation: Your touch may inflict irresistible damage
                  | on your foes. [demonic ancestry]
  3960 | D:4      | Reached XP level 8. HP: 40/60 MP: 0/14
  4511 | D:5      | Entered Level 5 of the Dungeon
  4513 | D:5      | Noticed Ijyb
  4519 | D:5      | Killed Ijyb
  4602 | D:4      | HP: 1/60 [yak (10)]
  4605 | D:4      | Slain by a yak

Illustrated notes

Levels and vault maps discovered:
D:1:      ncdulo_lavacross, layout_loops_ring, nicolae_eternal_life
D:2:      layout_loops_ring, serial_forest, infiniplex_forest_lined_corner,
          infiniplex_forest_end_2, infiniplex_forest_lined_ring,
          infiniplex_forest_straight_2, infiniplex_forest_corner_1
D:3:      layout_basic, mainiacjoe_overflow_chevrons, serial_shops, shop,
          serial_rivers, chequers_serial_rivers_micro_a,
          chequers_serial_rivers_large_b, chequers_serial_rivers_room_b,
          chequers_serial_rivers_large_a, chequers_serial_rivers_micro_d,
          ebering_ecumenical_altar_rust, corexii_leaking_fountain,
          minmay_misc_feat_ornament, corner_web_ring, grunt_decor_mini_mirrors,
          uniq_robin, uniq_jessica, uniq_sigmund
D:4:      layout_basic, serial_park_tiny_pond, uniq_edmund, uniq_natasha,
          uniq_pikel
D:5:      layout_gridville, uniq_ijyb

Skill      XL: |  1  2  3  4  5  6  7  8 |
---------------+-------------------------+-----
Fighting       | 1 2 3 4 |  4.1
Earth Magic    | 3 4 |  4.8
Armour         | 1 2 3 4 |  4.8
Spellcasting   | 3 4 |  4.4
Conjurations   | 1 2 3 |  3.5
Dodging        | |  1.7
Stealth        | |  1.7
Transmutations | |  0.8

Action                   |  1- 3 |  4- 6 |  7- 9 || total
-------------------------+-------+-------+-------++-------
Melee: Dagger            |    12 |    23 |    15 ||    50
       Long sword        |    44 |    44 |       ||    88
       Touch             |     3 |    12 |     4 ||    19
 Cast: Sandblast         |    11 |    31 |    24 ||    66
       Stone Arrow       |       |     4 |    14 ||    18
Evoke: Wand              |       |     2 |       ||     2
  Use: Scroll            |       |     9 |     1 ||    10
       Potion            |       |     3 |     2 ||     5
 Stab: Sleeping          |     5 |     2 |       ||     7
       Distracted        |       |     2 |       ||     2
Armor: Leather armour    |    26 |    36 |     8 ||    70
Dodge: Dodged            |    36 |    79 |    16 ||   131
